 Dungeon Crawl Stone Soup version 0.31-a0-995-g04711c9635 (webtiles) character file.

Game seed: 610363623659743409

(classic levelgen) 9808 Amnesiac the Thaumaturge (level 11, -4/84 HPs)
             Began as a Djinni Delver on Nov 7, 2023.
             Was an Elder of Ashenzari.
             Slain by a cyan ugly thing (15 damage)
             ... on level 10 of the Dungeon.
             The game lasted 00:30:33 (9143 turns).

Amnesiac the Thaumaturge (Djinni Delver)            Turns: 9143, Time: 00:30:34

Health: -4/84      AC:  9    Str: 11    XL:     11   Next: 81%
Gold:   538        EV: 16    Int: 16    God:    Ashenzari [****..] SH:  0 Dex: 15

rFire   + + .        b - +0 dagger
rCold   . . .        (no shield)
rNeg    . . .        K - +0 steam dragon scales of the Shackled Visionary {Self, Melee} (curse)
rPois   ∞            u - +1 helmet "Eternal With Me" {Comp, Dev} (curse)
rElec   .            y - +0 cloak of Desmomancy {Alch, Fort} (curse)
rCorr   .            l - +0 pair of gloves of the Fated Regret {Bglg, Alch} (curse)
SInv    +            (boots unavailable)
Will    +....        h - amulet of Ashenzari's Cynicism {Regen+, Cun, Bglg} (curse)
Stlth   ++++         O - ring of wizardry
HPRegen 1.14/turn    I - ring "I Foresaw This" {rC+, Self, Bglg} (curse)
MPRegen 0.00/turn

%: clarity, wizardry (x1), infuse magic (-5 HP)
@: flying
A: sickness immunity, fire resistance 2, cold vulnerability 1, float, innate
caster, HP casting, extra vitality 1
a: Renounce Religion, Shatter the Chains


You were on level 10 of the Dungeon.
You worshipped Ashenzari.
Ashenzari was greatly pleased with you.
You visited 2 branches of the dungeon, and saw 11 of its levels.

You collected 538 gold pieces.

Inventory:

Hand Weapons
 a - a +0 broad axe of flaming
 b - a +0 dagger (weapon)
 v - a +2 falchion of electrocution
 z - a +2 quarterstaff of chaos
Missiles
 k - 7 boomerangs
 n - 13 poisoned darts
Armour
 l - the cursed +0 pair of gloves of the Fated Regret (worn) {Bglg, Alch}
   (You found it on level 5 of the Dungeon)

   It has a curse which improves the following skills: Beguiling: Conjurations,
   Hexes and Translocations.
   Alchemy:   Poison Magic and Transmutations.
 u - the cursed +1 helmet "Eternal With Me" (worn) {Comp, Dev}
   (You took it off Robin on level 2 of the Dungeon)

   It has a curse which improves the following skills: Companions: Summonings
   and Necromancy.
   Devices:   Evocations and Shapeshifting.
 y - the cursed +0 cloak of Desmomancy (worn) {Alch, Fort}
   (You took it off Crazy Yiuf on level 4 of the Dungeon)

   It has a curse which improves the following skills: Alchemy: Poison Magic and
   Transmutations.
   Fortitude: Armour and Shields.
 K - the cursed +0 steam dragon scales of the Shackled Visionary (worn) {Self, Melee}
   (You took it off Maggie on level 8 of the Dungeon)

   It has a curse which improves the following skills: Introspection: Fighting
   and Spellcasting.
   Melee Combat: Short Blades, Long Blades, Axes, Maces & Flails, Polearms,
   Staves and Unarmed Combat.
Magical Staves
 m - a staff of earth
Jewellery
 h - the cursed amulet of Ashenzari's Cynicism (around neck) {Regen+, Cun, Bglg}
   (You found it on level 3 of the Dungeon)

   [amulet of regeneration]

   Regen+:    It increases your rate of health regeneration.
   It has a curse which improves the following skills: Cunning: Dodging and
   Stealth.
   Beguiling: Conjurations, Hexes and Translocations.
 I - the cursed ring "I Foresaw This" (right hand) {rC+, Self, Bglg}
   (You found it on level 6 of the Dungeon)

   [ring of protection from cold]

   rC+:       It protects you from cold.
   It has a curse which improves the following skills: Introspection: Fighting
   and Spellcasting.
   Beguiling: Conjurations, Hexes and Translocations.
 O - a ring of wizardry (left hand)
 P - an amulet of reflection
Wands
 g - a wand of digging (12)
 x - a wand of roots (8)
 L - a wand of charming (14)
Scrolls
 c - 2 scrolls of fog {!r}
 d - 6 scrolls of revelation {!r}
 e - 5 scrolls of teleportation {!r}
 j - a scroll of vulnerability {!r}
 o - 2 scrolls of immolation {!r}
 q - 5 scrolls of poison {!r}
 s - 5 scrolls of blinking {!r}
 t - a scroll of enchant armour {!r}
 B - a scroll of acquirement {!r}
 C - 2 scrolls of summoning {!r}
 E - 2 scrolls of fear {!r}
 F - a scroll of torment {!r}
 H - 3 scrolls of noise {!r}
 M - a scroll of enchant weapon {!r}
Potions
 f - 6 potions of haste {!q}
 i - 4 potions of curing {!q}
 p - 5 potions of heal wounds {!q}
 r - 4 potions of berserk rage {!q}
 w - 3 potions of enlightenment {!q}
 A - a potion of attraction {!q}
 D - 2 potions of mutation {!q}
 G - a potion of might {!q}
 J - a potion of invisibility {!q}
 N - 2 potions of brilliance {!q}


   Skills:
 - Level 6.5(9.3) Fighting
 - Level 3.7(5.5) Short Blades
 - Level 1.7(4.0) Long Blades
 + Level 7.1(9.0) Dodging
 - Level 6.4(8.3) Stealth
 - Level 10.5(13.2) Spellcasting
 - Level 10.5(14.1) Conjurations
 - Level 10.5(14.1) Hexes
 - Level 10.5(12.3) Summonings
 - Level 10.5(12.3) Necromancy
 - Level 10.5(14.1) Translocations
 - Level 10.5(13.2) Transmutations
 - Level 10.5 Fire Magic
 - Level 10.5 Ice Magic
 - Level 10.5 Air Magic
 - Level 10.5 Earth Magic
 - Level 10.5(13.2) Poison Magic


You knew the following spells:

 Your Spells              Type           Power      Damage    Failure   Level
a - Summon Small Mammal   Summ           100%       N/A       1%          1
b - Passwall              Tmut/Erth      40%        N/A       1%          2
c - Petrify               Tmut/Erth      48%        N/A       1%          4
d - Metabolic Englaciati  Hex/Ice        25%        N/A       1%          5
e - Mephitic Cloud        Conj/Pois/Air  50%        N/A       1%          3
Your spell library was empty.

Dungeon Overview and Level Annotations

Branches:
Dungeon (10/15)            Temple (1/1) D:5            Lair (0/5) D:9
    Orc: D:9-12

Altars:
Ashenzari
Cheibriados
Dithmenos
Elyvilon
Fedhas
Gozag
Hepliaklqana
Makhleb
Nemelex Xobeh
Okawaru
Qazlal
Ru
Trog
Uskayaw
Wu Jian
Xom
Yredelemnul
Zin
The Shining One

Shops:
D:3 (


Innate Abilities, Weirdness & Mutations

You are immune to sickness and miasma.
You are immune to poison.
Your flesh is very heat resistant. (rF++)
You are vulnerable to cold. (rC-)
You float through the air rather than walking.
You learn spells naturally, not from books.
Your magical power is your life essence.
You have superior vitality. (+4 MHP)


Message History

Aiming: Passwall (safe; 1% risk of failure)
Press: ? - help, Dir - move target A rock wall.
You begin to meditate on the wall.
You continue meditating on the rock.
HP restored.
You continue meditating on the rock. x3
You finish merging with the rock.
The helpless cyan ugly thing fails to defend itself.
You skewer the cyan ugly thing like a kebab!!!
The cyan ugly thing is severely wounded.
Casting: Passwall (safe; 1% risk of failure)
Confirm with . or Enter, or press ? or * to list all spells.
Aiming: Petrify (safe; 1% risk of failure)
Press: ? - help, Shift-Dir - straight line, f - cyan ugly thing
Aim: a cyan ugly thing (severely wounded, chance to affect: 53%)
The cyan ugly thing resists with significant effort.
The cyan ugly thing kicks you but does no damage.
Casting: Petrify (safe; 1% risk of failure)
Confirm with . or Enter, or press ? or * to list all spells.
Aiming: Petrify (safe; 1% risk of failure)
Press: ? - help, Shift-Dir - straight line, f/p - cyan ugly thing
Aim: a cyan ugly thing (severely wounded, chance to affect: 53%)
The cyan ugly thing resists with significant effort.
The cyan ugly thing kicks you! The cyan ugly thing shocks you!
Casting: Petrify (safe; 1% risk of failure)
Confirm with . or Enter, or press ? or * to list all spells.
Aiming: Petrify (safe; 1% risk of failure)
Press: ? - help, Shift-Dir - straight line, f/p - cyan ugly thing
Aim: a cyan ugly thing (severely wounded, chance to affect: 53%)
The cyan ugly thing resists with significant effort.
The cyan ugly thing kicks you but does no damage.
Casting: Petrify (safe; 1% risk of failure)
Confirm with . or Enter, or press ? or * to list all spells.
Aiming: Petrify (safe; 1% risk of failure)
Press: ? - help, Shift-Dir - straight line, f/p - cyan ugly thing
Aim: a cyan ugly thing (severely wounded, chance to affect: 53%)
The cyan ugly thing resists with significant effort.
The cyan ugly thing kicks you but does no damage.
Casting: Petrify (safe; 1% risk of failure)
Confirm with . or Enter, or press ? or * to list all spells.
Aiming: Petrify (safe; 1% risk of failure)
Press: ? - help, Shift-Dir - straight line, f/p - cyan ugly thing
Aim: a cyan ugly thing (severely wounded, chance to affect: 53%)
The cyan ugly thing resists with significant effort.
The cyan ugly thing kicks you!
* * * LOW HITPOINT WARNING * * *
The cyan ugly thing shocks you!
* * * LOW HITPOINT WARNING * * *
Casting: Petrify (safe; 1% risk of failure)
Confirm with . or Enter, or press ? or * to list all spells.
Aiming: Mephitic Cloud (safe; 1% risk of failure)
Press: ? - help, Shift-Dir - straight line, f/p - cyan ugly thing
Aim: a cyan ugly thing (severely wounded, chance to affect: 43%)
The ball explodes into a vile cloud!
The stinking cloud engulfs the cyan ugly thing but does no damage.
The cyan ugly thing is severely wounded.
The stinking cloud engulfs you but does no damage.
* * * LOW HITPOINT WARNING * * *
You hear a shout!
The cyan ugly thing is engulfed in noxious fumes.
The cyan ugly thing kicks you!
* * * LOW HITPOINT WARNING * * *
The cyan ugly thing shocks you!
You die...

**#########**#######*
*,,.......,,,.......,
*,,,*#...#***.......,
#,,,*#...# *.......,
#.,,*#...# *.......,
#..,*#...# *.......,
#...##...####.......,
#...........@☼§.....,
#.....<.<...○u§.....,
#........###.○§.....,
#........# #...#####*
#........# #...#
#........# #...#
#........#*#...#
**#.........,....#*****
,,...........,,,,,,,,,,


You could see a cyan ugly thing.

Vanquished Creatures
  3 two-headed ogres
  A deep elf pyromancer (D:8)
  Maggie (D:8)
  A rime drake (D:9)
  An unseen horror (D:8)
  A kobold demonologist (D:8)
  Grinder (D:6)
  3 wyverns
  Eustachio (D:4)
  6 yaks (D:6)
  Grum (D:8)
  2 steam dragons
  3 water moccasins
  An acid dragon (D:9)
  Duvessa (D:4)
  3 sky beasts
  4 orc warriors
  7 ice beasts
  An ogre (D:6)
  2 centaurs
  5 wolves
  3 bullfrogs
  2 gnoll sergeants (D:9)
  6 scorpions
  Dowan (D:4)
  2 howler monkeys (D:9)
  3 jellies
  3 hounds
  10 orc priests
  Crazy Yiuf (D:4)
  A sleepcap (D:4)
  Ijyb (D:4)
  3 iguanas (D:4)
  12 orc wizards
  Robin (D:2)
  7 gnolls
  8 adders
  3 shadow imps
  2 ufetubi (D:7)
  2 worms (D:2)
  5 dart slugs
  28 orcs
  6 bats
  5 endoplasms
  5 giant cockroaches
  17 goblins
  13 hobgoblins
  2 jackals (D:2)
  5 quokkas
  7 ball pythons
  A frilled lizard (D:2)
  4 kobolds
  8 rats
226 creatures vanquished.

Vanquished Creatures (collateral kills)
  A goblin (D:2)
1 creature vanquished.

Grand Total: 227 creatures vanquished

Notes
Turn   | Place    | Note
-------+----------+-------------------------------------------
     0 | D:5      | Amnesiac the Djinni Delver began the quest for the Orb.
     0 | D:5      | Reached XP level 1. HP: 20/20 MP: 0/0
    16 | D:5      | Found a staircase to the Ecumenical Temple.
    24 | Temple   | Entered the Ecumenical Temple
    40 | Temple   | Became a worshipper of Ashenzari the Shackled
   147 | D:5      | Reached skill level 1 in Spellcasting
   147 | D:5      | Reached skill level 1 in Conjurations
   147 | D:5      | Reached skill level 1 in Hexes
   147 | D:5      | Reached skill level 1 in Summonings
   147 | D:5      | Reached skill level 1 in Necromancy
   147 | D:5      | Reached skill level 1 in Translocations
   147 | D:5      | Reached skill level 1 in Transmutations
   147 | D:5      | Reached skill level 1 in Fire Magic
   147 | D:5      | Reached skill level 1 in Ice Magic
   147 | D:5      | Reached skill level 1 in Air Magic
   147 | D:5      | Reached skill level 1 in Earth Magic
   147 | D:5      | Reached skill level 1 in Poison Magic
   147 | D:5      | Reached XP level 2. HP: 20/25 MP: 0/0
   167 | D:5      | Noticed a water moccasin
   298 | D:5      | HP: 1/25 [shadow imp/nerve-wracking pain (13)]
   408 | D:3      | Reached XP level 3. HP: 30/30 MP: 0/0
   408 | D:3      | Learned a level 1 spell: Summon Small Mammal
   409 | D:3      | Found an iron altar of Okawaru.
   547 | D:2      | Found a hide-covered altar of Uskayaw.
   701 | D:2      | Noticed Robin
   891 | D:2      | Reached XP level 4. HP: 35/35 MP: 0/0
  1088 | D:1      | Reached * piety under Ashenzari
  2006 | D:2      | Reached ** piety under Ashenzari
  2405 | D:2      | Killed Robin
  2406 | D:2      | Reached XP level 5. HP: 28/40 MP: 0/0
  2406 | D:2      | Learned a level 2 spell: Passwall
  2742 | D:3      | Found Ohammaer's Antique Weapon Emporium.
  3058 | D:3      | Noticed an ice beast
  3116 | D:3      | Killed an ice beast
  3117 | D:3      | Reached XP level 6. HP: 33/46 MP: 0/0
  3354 | D:3      | Found a shimmering altar of Xom.
  3653 | D:4      | Noticed Dowan
  3714 | D:4      | Noticed Ijyb
  3735 | D:4      | Killed Ijyb
  3795 | D:4      | Found a runed translucent door.
  3796 | D:4      | Noticed Crazy Yiuf
  3919 | D:4      | Killed Crazy Yiuf
  3920 | D:4      | Reached XP level 7. HP: 21/50 MP: 0/0
  3920 | D:4      | Learned a level 3 spell: Mephitic Cloud
  3933 | D:4      | Reached *** piety under Ashenzari
  4032 | D:4      | Reached skill level 5 in Spellcasting
  4032 | D:4      | Reached skill level 5 in Conjurations
  4032 | D:4      | Reached skill level 5 in Hexes
  4032 | D:4      | Reached skill level 5 in Summonings
  4032 | D:4      | Reached skill level 5 in Necromancy
  4032 | D:4      | Reached skill level 5 in Translocations
  4032 | D:4      | Reached skill level 5 in Transmutations
  4032 | D:4      | Reached skill level 5 in Fire Magic
  4032 | D:4      | Reached skill level 5 in Ice Magic
  4032 | D:4      | Reached skill level 5 in Air Magic
  4032 | D:4      | Reached skill level 5 in Earth Magic
  4032 | D:4      | Reached skill level 5 in Poison Magic
  4046 | D:4      | Noticed Eustachio
  4068 | D:4      | Killed Eustachio
  4135 | D:4      | Identified a scroll of acquirement
  4250 | D:4      | Reached XP level 8. HP: 47/56 MP: 0/0
  4660 | D:4      | Noticed Duvessa
  4699 | D:4      | Killed Duvessa
  4708 | D:4      | Killed Dowan
  4823 | D:5      | Found a glowing silver altar of Zin.
  5104 | D:5      | Noticed a two-headed ogre
  5118 | D:5      | Reached XP level 9. HP: 21/60 MP: 0/0
  5118 | D:5      | Learned a level 4 spell: Petrify
  5125 | D:5      | Killed a two-headed ogre
  5327 | D:6      | Reached XP level 10. HP: 38/67 MP: 0/0
  5392 | D:6      | Found a burning altar of Makhleb.
  5395 | D:6      | Found a sacrificial altar of Ru.
  5400 | D:6      | Found a sparkling altar of Nemelex Xobeh.
  5531 | D:6      | Reached skill level 10 in Spellcasting
  5531 | D:6      | Reached skill level 10 in Conjurations
  5531 | D:6      | Reached skill level 10 in Hexes
  5531 | D:6      | Reached skill level 10 in Summonings
  5531 | D:6      | Reached skill level 10 in Necromancy
  5531 | D:6      | Reached skill level 10 in Translocations
  5531 | D:6      | Reached skill level 10 in Transmutations
  5531 | D:6      | Reached skill level 10 in Fire Magic
  5531 | D:6      | Reached skill level 10 in Ice Magic
  5531 | D:6      | Reached skill level 10 in Air Magic
  5531 | D:6      | Reached skill level 10 in Earth Magic
  5531 | D:6      | Reached skill level 10 in Poison Magic
  5884 | D:6      | Noticed Grinder
  5900 | D:6      | Killed Grinder
  6035 | D:6      | Reached **** piety under Ashenzari
  6115 | D:7      | Found a hide-covered altar of Uskayaw.
  6253 | D:7      | Reached ***** piety under Ashenzari
  6282 | D:7      | Noticed a two-headed ogre
  6315 | D:7      | Killed a two-headed ogre
  6950 | D:8      | Reached skill level 1 in Short Blades
  6950 | D:8      | Noticed Maggie
  6963 | D:8      | Killed Maggie
  7002 | D:8      | Noticed a two-headed ogre
  7010 | D:8      | Noticed an unseen horror
  7024 | D:8      | Killed a two-headed ogre
  7025 | D:8      | Reached XP level 11. HP: 32/74 MP: 0/0
  7025 | D:8      | Learned a level 5 spell: Metabolic Englaciation
  7028 | D:8      | Reached skill level 5 in Stealth
  7068 | D:8      | Found a glowing golden altar of the Shining One.
  7202 | D:8      | Noticed a deep elf pyromancer
  7206 | D:8      | Found a glowing golden altar of the Shining One.
  7212 | D:8      | Killed a deep elf pyromancer
  7237 | D:8      | Reached skill level 5 in Fighting
  7321 | D:8      | Reached skill level 5 in Dodging
  7553 | D:8      | Noticed Grum
  7585 | D:8      | Killed Grum
  8185 | D:9      | Found a staircase to the Lair.
  8404 | D:9      | Found a hazy altar of Hepliaklqana.
  9126 | D:10     | Entered Level 10 of the Dungeon
  9126 | D:10     | Noticed a cyan ugly thing
  9143 | D:10     | Slain by a cyan ugly thing

Illustrated notes

Levels and vault maps discovered:
D:1:      sevenhm_arrival_forest_fort_small_5, layout_loops_ring
D:2:      layout_basic, basic_altar, uniq_robin
D:3:      minmay_thinvault, layout_loops_ring, okawaru_ov_weapons_minmay,
          tgw_xom, serial_shops, shop
D:4:      minmay_razor_zed, layout_loops_ring, uniq_duvessa,
          uniq_crazy_yiuf_cottage, uniq_ijyb, uniq_eustachio
D:5:      layout_basic, zin_academy, minmay_temple_entry_hall,
          kennysheep_minor_cross, minmay_small_thing
D:6:      layout_loops_cross, grunt_temple_overflow_open, uniq_grinder
D:7:      layout_loops_ring, nicolae_uskayaw_murder_on_the_dancefloor
D:8:      nicolae_cairo_tiling_large, layout_loops_ring,
          hangedman_feature_mirror, nrook_loot_triangle, abandoned_shop,
          kennysheep_generic_room_7, uniq_grum, uniq_maggie
D:9:      layout_grid_maze, mainiacjoe_overflow_alcove_4,
          hellmonk_lair_entry_icy
D:10:     layout_small_grid, erik_orc_3, nicolae_shop_vocational
Temple:   nicolae_temple_bog_church

Skill      XL: |  1  2  3  4  5  6  7  8  9 10 11 |
---------------+----------------------------------+-----
Spellcasting   | 1 2 3 4 6 7 9 10 | 10.5
Conjurations   | 1 2 3 4 6 7 9 10 | 10.5
Hexes          | 1 2 3 4 6 7 9 10 | 10.5
Summonings     | 1 2 3 4 6 7 9 10 | 10.5
Necromancy     | 1 2 3 4 6 7 9 10 | 10.5
Translocations | 1 2 3 4 6 7 9 10 | 10.5
Transmutations | 1 2 3 4 6 7 9 10 | 10.5
Fire Magic     | 1 2 3 4 6 7 9 10 | 10.5
Ice Magic      | 1 2 3 4 6 7 9 10 | 10.5
Air Magic      | 1 2 3 4 6 7 9 10 | 10.5
Earth Magic    | 1 2 3 4 6 7 9 10 | 10.5
Poison Magic   | 1 2 3 4 6 7 9 10 | 10.5
Dodging        | 4 7 |  7.1
Fighting       | 4 6 |  6.5
Short Blades   | 3 |  3.7
Stealth        | 6 |  6.4
Long Blades    | |  1.7

Action                     |  1- 3 |  4- 6 |  7- 9 | 10-12 || total
---------------------------+-------+-------+-------+-------++-------
  Melee: Falchion          |    68 |   149 |       |       ||   217
         Hand axe          |       |    68 |   203 |   176 ||   447
         Punch             |       |     1 |     3 |     8 ||    12
         Dagger            |       |     1 |       |   252 ||   253
   Cast: Summon Small Mamm |       |     6 |     2 |       ||     8
         Passwall          |       |     4 |       |    44 ||    48
         Mephitic Cloud    |       |       |     9 |    36 ||    45
         Petrify           |       |       |       |    35 ||    35
         Metabolic Englaci |       |       |       |     1 ||     1
 Invoke: Curse Item        |     1 |     2 |     2 |     4 ||     9
         Shatter the Chain |       |       |       |     3 ||     3
  Evoke: Wand              |       |     2 |       |       ||     2
    Use: Scroll            |     3 |       |       |       ||     3
         Potion            |     1 |       |       |       ||     1
   Stab: Sleeping          |     6 |    16 |     4 |    18 ||    44
         Confused          |       |       |    12 |    24 ||    36
         Petrified         |       |       |       |    48 ||    48
         Petrifying        |       |       |       |    17 ||    17
 Armour: Leather armour    |    53 |   139 |   164 |    91 ||   447
         Steam dragon scal |       |       |       |   114 ||   114
  Dodge: Dodged            |    64 |   150 |   180 |   265 ||   659

Table legend: (Time is in decaauts)
 A = Elapsed time spent in this place.
 B = Non-inter-level travel time spent in this place.
 C = Inter-level travel time spent in this place.
 D = Time resting spent in this place.
 E = Time spent auto-exploring this place.
 F = Levels seen in this place.
 G = Mean time per level.
                   A        B        C        D        E       F      G
               +--------+--------+--------+--------+--------+-----+--------+
         Total |   9260 |   8812 |    448 |    269 |   5539 |  11 |  841.8 |
       Dungeon |   9227 |   8810 |    417 |    269 |   5539 |  10 |  922.7 |
        Temple |     32 |      1 |     31 |      0 |      0 |   1 |   32.0 |
               +--------+--------+--------+--------+--------+-----+--------+

Top non-repeatable levels by time:
     D:2: 1336 daAuts
     D:4: 1300 daAuts
     D:3: 1150 daAuts
     D:9: 1127 daAuts
     D:8: 1069 daAuts
     D:6: 839 daAuts
     D:5: 806 daAuts
     D:7: 797 daAuts
     D:1: 781 daAuts
  Temple: 32 daAuts
    D:10: 16 daAuts
